 Dungeon Crawl Stone Soup version 0.29.1-1-gd02db6906a (webtiles) character file.

Game seed: 5133127257409884564

17745 MisterFreud the Spry (level 12, -6/54 (58) HPs)
             Began as a Felid Berserker on Oct 5, 2022.
             Was an Elder of Trog.
             Mangled by a cane toad (20 damage)
             ... on level 5 of the Lair of Beasts.
             The game lasted 00:26:47 (20062 turns).

MisterFreud the Spry (Felid Berserker)             Turns: 20062, Time: 00:26:48

HP:   -6/54 (58)    AC:  7    Str: 13    XL:     12   Next: 21%
MP:   13/13         EV: 31    Int:  9    God:    Trog [****..]
Gold: 449           SH:  0    Dex: 20    Spells: 11/11 levels left
                                        Lives: 0   Deaths: 4

rFire   . . .      SeeInvis +     - Unarmed
rCold   + . .      Faith    .   (shield unavailable)
rNeg    . . .      Spirit   .   (body armour unavailable)
rPois   .          Reflect  .   (helmet unavailable)
rElec   .          Harm     .   (cloak unavailable)
rCorr   +          Rampage  .   (gloves unavailable)
Will    +++..                   (boots unavailable)
Stlth   ++++++....              r - amulet of regeneration
HPRegen 1.98/turn               p - +4 ring of protection
MPRegen 0.13/turn               q - ring of resist corrosion

@: strong-willed, regenerating, drained, quick
A: very small, claws 1, fangs 3, see invisible, speed 1, shaggy fur 3, stealthy
paws, no weapons or thrown items, no armour, multi-lived
a: Renounce Religion, Berserk, Trog's Hand, Brothers in Arms


You were on level 5 of the Lair of Beasts.
You worshipped Trog.
Trog was greatly pleased with you.
You visited 3 branches of the dungeon, and saw 17 of its levels.

You collected 1505 gold pieces.
You spent 1056 gold pieces at shops.

Inventory:

Jewellery
 f - a ring of protection from cold
 p - a +4 ring of protection (left paw)
 q - a ring of resist corrosion (right paw)
 r - an amulet of regeneration (around neck)
 w - a ring of fire
 x - a ring of positive energy
 z - a ring of willpower
 B - a ring of fire
 H - the ring of Democracy {rN+ Will+ Dex+9}
   (You found it on level 4 of the Lair of Beasts)

   [ring of willpower]

   Dex:       It affects your dexterity (+9).
   rN:        It protects you from negative energy.
   Will:      It increases your willpower.
 I - an amulet of magic regeneration
Wands
 k - a wand of mindburst (13)
 m - a wand of acid (2)
 n - a wand of roots (11)
 t - a wand of flame (5)
Scrolls
 b - 5 scrolls of teleportation
 c - a scroll of magic mapping
 g - 4 scrolls of blinking
 o - 3 scrolls of identify
 u - 2 scrolls of brand weapon
 y - a scroll of butterflies
 D - a scroll of silence
 E - a scroll of vulnerability
Potions
 a - a potion of might
 d - 5 potions of lignification
 e - 4 potions of haste
 h - 4 potions of mutation
 i - 5 potions of curing
 j - 3 potions of flight
 l - 4 potions of brilliance
 s - 3 potions of berserk rage
 v - 3 potions of resistance
 F - a potion of cancellation
 G - 2 potions of attraction
Miscellaneous
 A - a condenser vane
 C - a phial of floods


   Skills:
 - Level 10.0 Fighting
 + Level 15.8 Dodging
 + Level 13.0 Stealth
 - Level 15.0 Unarmed Combat
 - Level 10.0 Evocations


You had 11 spell levels left.
You didn't know any spells.
Your spell library was empty.

Dungeon Overview and Level Annotations

Branches:
Dungeon (11/15)            Temple (1/1) D:4            Lair (5/5) D:11
  Swamp (0/4) Lair:3       Spider (0/4) Lair:2          Orc (0/2) D:10
  Slime: Lair:4-5

Altars:
Ashenzari
Cheibriados
Dithmenos
Elyvilon
Fedhas
Gozag
Hepliaklqana
Kikubaaqudgha
Makhleb
Nemelex Xobeh
Okawaru
Qazlal
Sif Muna
Trog
Uskayaw
Wu Jian
Zin
The Shining One

Shops:
D:2 !   D:5 (

Annotations:
D:5 3 runed translucent doors, Badistic's ghost, novice DsNe
D:10 3 runed translucent doors, dunno567's ghost, novice DEFE


Innate Abilities, Weirdness & Mutations

You have sharp claws.
You have razor-sharp teeth.
You have supernaturally acute eyesight. (SInv)
You cover ground quickly. (Speed+)
Your thick and shaggy fur keeps you warm. (AC +3, rC+)
Your paws help you pounce on unaware monsters.
You are incapable of wielding weapons or throwing items.
You cannot wear armour.
You gain extra lives every three experience levels.


Message History

* * * LOW HITPOINT WARNING * * *
The manticore barely misses you.
The manticore claws you but does no damage.
The manticore closely misses you.
You scratch the manticore but do no damage.
The manticore is severely wounded.
The hell rat completely misses you. x2
Unknown command.
You mangle the manticore!!
You kill the manticore!
Trog accepts your kill. The hell rat closely misses you.
The hell rat completely misses you.
Your Stealth skill increases to level 13!
Unknown command.
You see here a manticore corpse.
You barely miss the hell rat. You bite the hell rat.
The hell rat is lightly wounded.
The hell rat misses you.
You scratch the hell rat but do no damage.
The hell rat is lightly wounded.
The hell rat completely misses you.
You scratch the hell rat. You claw the hell rat.
You bite the hell rat, but do no damage.
The hell rat is moderately wounded.
The hell rat bites you!
* * * LOW HITPOINT WARNING * * *
You scratch the hell rat.
You claw the hell rat, but do no damage.
The hell rat is heavily wounded.
The hell rat closely misses you.
You feel better.
A black mamba comes into view.
The hell rat completely misses you.
Unknown command.
You mangle the hell rat!!
You kill the hell rat!
Trog accepts your kill.
You scratch the cane toad but do no damage.
The cane toad stings you!!
You die...

# .......### #...#
...#.
#.#........####$.####
...#
..........#.P....#.#P
#...................
##...................
#....................
#..................
#........†#F.h...#.
###......#@##....#
#.†.###### ......
#....# ...... #.†..#
....# #......P# .r.##
##........
##.........
...P...#...
##...P.##...


You could see a polar bear and a cane toad.

Vanquished Creatures
  Josephine (Lair:4)
  3 boulder beetles
  6 hydras
  A catoblepas (Lair:3)
  3 two-headed ogres
  Nergalle (Lair:2)
  A fire crab (Lair:5)
  Sonja (Lair:4)
  Lodul (D:10)
  An orb spider (Lair:2)
  Pikel (D:4)
  An orc knight (D:8)
  An elephant (Lair:5)
  An oklob plant (D:11)
  A cyclops (D:11)
  A manticore (Lair:5)
  3 black mambas (Lair:5)
  A gargoyle (D:11)
  8 cane toads
  A rime drake (Lair:5)
  Maggie (D:8)
  4 kobold demonologists
  An unseen horror (D:11)
  4 komodo dragons
  3 trolls (D:11)
  A hornet (D:8)
  14 blink frogs
  A snapping turtle (Lair:5)
  A shadow (D:11)
  3 wraiths (Lair:4)
  A vampire (D:9)
  22 yaks
  4 basilisks
  7 wyverns
  3 steam dragons
  2 acid dragons (D:11)
  16 water moccasins
  2 swamp drakes
  3 orc warriors
  A sky beast (D:7)
  3 ice beasts
  4 black bears
  9 ogres
  10 wolves
  3 centaurs
  3 phantoms
  A lemure (D:4)
  Blork the orc (D:4)
  13 bullfrogs
  7 kobold brigands
  A gnoll sergeant (D:8)
  A necrophage (D:5)
  6 scorpions
  14 wights
  7 killer bees
  An electric eel (Lair:1)
  7 howler monkeys
  3 orc priests
  11 jellies
  2 hounds (D:5)
  4 gnoll boudas
  An iguana (D:7)
  12 orc wizards
  3 hell rats (Lair:5)
  Robin (D:2)
  5 adders
  20 gnolls
  2 white imps
  3 dart slugs
  43 orcs
  8 ball pythons
  16 endoplasms
  A giant cockroach (D:4)
  17 goblins
  10 hobgoblins
  4 jackals (D:1)
  6 quokkas
  4 bats
  3 frilled lizards
  22 kobolds
  4 rats
428 creatures vanquished.

Vanquished Creatures (others)
  An iguana (Lair:3)
  An orc (D:8)
  A kobold (D:10)
  12 fungi
  21 plants
36 creatures vanquished.

Grand Total: 464 creatures vanquished

Notes
Turn   | Place    | Note
-------+----------+-------------------------------------------
     0 | D:1      | MisterFreud the Felid Berserker began the quest for the
                  | Orb.
     0 | D:1      | Reached XP level 1. HP: 10/10 MP: 2/2
    68 | D:1      | Reached skill level 1 in Stealth
   226 | D:1      | Reached XP level 2. HP: 14/14 MP: 3/3
   662 | D:1      | Reached XP level 3. HP: 8/17 MP: 4/4
  1215 | D:2      | Found Ginosu Loynk's Distillery.
  1220 | D:2      | Bought a potion of heal wounds for 55 gold pieces
  1535 | D:2      | Reached XP level 4. HP: 17/21 MP: 5/5
  1743 | D:2      | Noticed Robin
  1958 | D:2      | Killed Robin
  1965 | D:2      | HP: 1/21 [goblin/+0 dagger[Robin] (4)]
  1979 | D:2      | Reached ** piety under Trog
  1984 | D:2      | Shot with a sling bullet by a goblin
  1985 | D:2      | Reached XP level 3. HP: -4/17 MP: 4/4
  2414 | D:3      | Found an opulent altar of Gozag.
  2516 | D:3      | Noticed a black bear
  2532 | D:3      | Killed a black bear
  2533 | D:3      | Reached skill level 5 in Stealth
  2533 | D:3      | Reached XP level 4. HP: 2/21 MP: 5/5
  2533 | D:3      | Reached XP level 5. HP: 3/24 MP: 6/6
  2805 | D:3      | Reached skill level 5 in Unarmed Combat
  2945 | D:3      | Found an ornate altar of the Wu Jian Council.
  2958 | D:3      | Found a broken altar of Ashenzari.
  3006 | D:3      | Found a faded altar of an unknown god.
  3289 | D:3      | Found a bloodstained altar of Trog.
  3295 | D:3      | Found a stormy altar of Qazlal.
  3296 | D:3      | Found a burning altar of Makhleb.
  3542 | D:3      | Found a glowing silver altar of Zin.
  3542 | D:3      | Found a white marble altar of Elyvilon.
  3542 | D:3      | Found a glowing golden altar of the Shining One.
  3606 | D:3      | Found a hide-covered altar of Uskayaw.
  3760 | D:4      | Noticed a lemure
  3762 | D:4      | Noticed a lemure
  3764 | D:4      | Noticed a lemure
  3940 | D:4      | Noticed Pikel
  3945 | D:5      | Entered Level 5 of the Dungeon
  4077 | D:4      | Noticed Blork the orc
  4080 | D:4      | Killed Blork the orc
  4152 | D:4      | Noticed a black bear
  4154 | D:4      | Gained mutation: You are covered in thick fur. (AC +2)
                  | [Felid growth]
  4154 | D:4      | Reached XP level 6. HP: 28/28 MP: 7/7
  4309 | D:4      | Found a staircase to the Ecumenical Temple.
  4551 | D:4      | Killed Pikel
  4552 | D:4      | Reached XP level 7. HP: 31/31 MP: 8/8
  4985 | Temple   | Entered the Ecumenical Temple
  5068 | D:5      | Found Agoudi Odoi's Weapon Emporium.
  5148 | D:5      | Reached XP level 8. HP: 18/34 MP: 9/9
  5332 | D:5      | Reached skill level 10 in Dodging
  5570 | D:5      | Reached *** piety under Trog
  5801 | D:5      | Found a shimmering blue altar of Sif Muna.
  5816 | D:5      | Reached skill level 5 in Fighting
  5851 | D:5      | Found a runed translucent gate.
  5851 | D:5      | Noticed Badistic's ghost (novice DsNe)
  5852 | D:5      | Found a runed translucent gate.
  5853 | D:5      | Found a runed translucent gate.
  5860 | D:5      | Identified the +1 chain mail of Claustrophobia {rC++ Str-3}
  6320 | D:6      | Reached skill level 1 in Evocations
  6538 | D:6      | Found a hazy altar of Hepliaklqana.
  6619 | D:6      | Reached XP level 9. HP: 27/41 MP: 10/10
  7880 | D:6      | Found a shadowy altar of Dithmenos.
  7917 | D:7      | Found a snail-covered altar of Cheibriados.
  8609 | D:7      | Identified the +6 dagger of Shame {holy, rN+ Will- Int+2}
  9447 | D:8      | Found a flagged portal.
  9753 | D:8      | Reached XP level 10. HP: 37/45 MP: 11/11
  9755 | D:8      | Reached skill level 5 in Evocations
  9775 | D:8      | Identified the +3 mace "Cat's Doom" {vorpal, rF++}
  9887 | D:8      | Noticed a boulder beetle
  9891 | D:8      | Noticed an orc knight
  9904 | D:8      | Killed a boulder beetle
  9904 | D:8      | Noticed Maggie
 10225 | D:8      | Reached skill level 10 in Stealth
 11072 | D:8      | Reached skill level 10 in Unarmed Combat
 11082 | D:8      | Killed an orc knight
 11181 | D:8      | Killed Maggie
 11800 | D:9      | Noticed a two-headed ogre
 11812 | D:9      | Killed a two-headed ogre
 11813 | D:9      | Reached XP level 11. HP: 8/48 MP: 12/12
 12375 | D:9      | Identified the +3 long sword "Vat Keoqoa" {elec, rN+ Str+4}
 12413 | D:9      | Found a sparkling altar of Nemelex Xobeh.
 12963 | D:10     | Entered Level 10 of the Dungeon
 13006 | D:10     | Noticed a two-headed ogre
 13012 | D:10     | Killed a two-headed ogre
 13012 | D:10     | Reached **** piety under Trog
 13059 | D:10     | Noticed Lodul
 13063 | D:10     | Killed from afar by Lodul
 13064 | D:10     | Reached XP level 10. HP: -10/69 MP: 11/11
 13073 | D:10     | Noticed a sun demon
 13093 | D:10     | Noticed a two-headed ogre
 13103 | D:10     | Found a runed translucent gate.
 13103 | D:10     | Found a runed translucent gate.
 13103 | D:10     | Found a runed translucent gate.
 13104 | D:10     | Noticed a spectral centaur warrior
 13104 | D:10     | Noticed dunno567's ghost (novice DEFE)
 13104 | D:10     | Noticed a spectral centaur warrior
 13104 | D:10     | Noticed a spectral centaur warrior
 13106 | D:10     | Noticed a spectral centaur warrior
 13345 | D:10     | HP: 2/70 [two-headed ogre/+0 giant spiked club (17)]
 13351 | D:10     | Killed a two-headed ogre
 13834 | D:10     | Killed Lodul
 14008 | D:10     | Found a staircase to the Orcish Mines.
 14046 | D:10     | Reached XP level 11. HP: 51/51 MP: 12/12
 14389 | D:2      | Bought a potion of lignification for 33 gold pieces
 14389 | D:2      | Bought a potion of experience for 550 gold pieces
 14389 | D:2      | Bought a potion of mutation for 88 gold pieces
 14389 | D:2      | Bought a potion of haste for 110 gold pieces
 14389 | D:2      | Bought a potion of haste for 110 gold pieces
 14389 | D:2      | Bought a potion of haste for 110 gold pieces
 14678 | D:10     | Found an ancient bone altar of Kikubaaqudgha.
 15404 | D:11     | Noticed an oklob plant
 15757 | D:11     | Killed an oklob plant
 15943 | D:11     | Noticed a five-headed hydra
 15945 | D:11     | Noticed a boulder beetle
 15966 | D:11     | Killed a five-headed hydra
 15986 | D:11     | Killed a boulder beetle
 16094 | D:11     | Found a staircase to the Lair.
 16314 | Lair:1   | Entered Level 1 of the Lair of Beasts
 16511 | Lair:1   | Reached skill level 10 in Fighting
 16511 | Lair:1   | Reached skill level 10 in Evocations
 17127 | Lair:2   | Noticed Nergalle
 17150 | Lair:2   | Killed Nergalle
 17151 | Lair:2   | Gained mutation: Your thick and shaggy fur keeps you warm.
                  | (AC +3, rC+) [Felid growth]
 17151 | Lair:2   | Reached XP level 12. HP: 39/58 MP: 13/13
 17192 | Lair:2   | Found a stormy altar of Qazlal.
 17278 | Lair:2   | Noticed a seven-headed hydra
 17290 | Lair:2   | Killed a seven-headed hydra
 17485 | Lair:2   | Found a hole to the Spider Nest.
 17613 | Lair:2   | Reached XP level 13. HP: 61/61 MP: 14/14
 18232 | Lair:3   | Found a staircase to the Swamp.
 18914 | Lair:4   | Noticed Sonja
 18933 | Lair:4   | Reached skill level 15 in Unarmed Combat
 18945 | Lair:4   | Killed Sonja
 19068 | Lair:4   | Noticed Josephine
 19082 | Lair:4   | Killed Josephine
 19194 | Lair:4   | Identified the ring of Democracy {rN+ Will+ Dex+9}
 19511 | Lair:4   | Reached skill level 15 in Dodging
 19868 | Lair:5   | Entered Level 5 of the Lair of Beasts
 19909 | Lair:5   | HP: 1/61 [snapping turtle (21)]
 19910 | Lair:5   | Succumbed to a black mamba's poison
 19911 | Lair:5   | Reached XP level 12. HP: 0/58 MP: 13/13
 19937 | Lair:5   | Killed a four-headed hydra
 19950 | Lair:5   | Reached XP level 13. HP: 61/61 MP: 14/14
 19961 | Lair:5   | HP: 1/61 [wind drake/the air (15)]
 19962 | Lair:5   | Killed from afar by a wind drake
 19963 | Lair:5   | Reached XP level 12. HP: -6/58 MP: 13/13
 20052 | Lair:5   | HP: 1/53 [hell rat (7)]
 20058 | Lair:5   | HP: 2/54 [hell rat (9)]
 20062 | Lair:5   | Mangled by a cane toad

Illustrated notes

Levels and vault maps discovered:
D:1:      matt_arrival_grand_opening, layout_loops_ring
D:2:      layout_loops_cross, serial_shops, shop, fountainhead, uniq_robin
D:3:      layout_basic, good_gods_mini_temple, lemuel_doored_altar, minitemple,
          nicolae_ashenzari_skybound, overflow_temple_1_default,
          hellmonk_ecumenical_altar_lost_god, minmay_pentomino_pile
D:4:      layout_loops_corners, minmay_temple_entry_trees,
          minmay_misc_feat_encased, uniq_pikel, uniq_blork_the_orc
D:5:      layout_loops_ring, lemuel_round_altar, biasface_ghost_orc_armoury,
          serial_shops, nicolae_shop_advertising_works
          [nicolae_subvault_shop_adworks], minmay_fractal_squares_5
D:6:      layout_cave_pools, mainiacjoe_overflow_surrounded_room,
          mainiacjoe_overflow_alcove_2
D:7:      layout_loops_cross, amcnicky_altar_gilded,
          chequers_serial_rivers_marsh, st_stairs_3, grunt_decor_resistance,
          minmay_stone_trees_small, nrook_campfire
D:8:      nzn_winding_woodlands_small [nzn_winding_woodlands_5x15_parted,
          nzn_winding_woodlands_center_garden, nzn_winding_woodlands_5x15_eye],
          layout_basic, enter_bailey_8, uniq_maggie
D:9:      layout_irregular_city, nemelex_diamond_rough_becter
D:10:     layout_big_octagon, kiku_gazebo_pond_becter, erik_orc_1,
          gammafunk_ghost_necromancy, skrybe_limestone_x, uniq_lodul
D:11:     lemuel_slime, layout_basic, lair_entry_dummy, st_stairs_3
Temple:   hellmonk_temple_two_chambers
Lair:1:   layout_chaotic_city, infiniplex_staircase_pool
Lair:2:   layout_regular_city, nicolae_spider_entry_orb_guardian, basic_altar,
          st_stairs_3, uniq_nergalle
Lair:3:   layout_small_grid, minmay_swamp_entry_reptiles, lemuel_fruit_tree
Lair:4:   layout_misc_corridors, uniq_sonja, uniq_josephine
Lair:5:   gammafunk_lair_ancient_temple, layout_gridlike, slime_entry_1,
          basic_altar

Skill      XL: |  1  2  3  4  5  6  7  8  9 10 11 12 13 |
---------------+----------------------------------------+-----
Stealth        | 1 2 5 4 6 9 10 13 12 | 13.0
Unarmed Combat | 4 5 6 7 10 11 13 15 | 15.0
Dodging        | 8 9 10 11 13 14 15 | 15.8
Fighting       | 6 8 10 | 10.0
Evocations     | 2 4 7 10 | 10.0

Action                   |  1- 3 |  4- 6 |  7- 9 | 10-12 | 13-15 || total
-------------------------+-------+-------+-------+-------+-------++-------
Melee: Unarmed           |    93 |   115 |   333 |   776 |   271 ||  1588
       Bite              |     4 |     8 |    34 |   110 |    41 ||   197
       Punch             |     2 |     3 |    17 |    60 |    31 ||   113
Invok: Berserk           |     2 |     3 |    10 |    21 |     5 ||    41
       Trog's Hand       |       |     1 |     1 |    14 |     3 ||    19
Evoke: Wand              |       |       |       |     7 |       ||     7
  Use: Potion            |       |     2 |     1 |     3 |     1 ||     7
       Scroll            |       |     5 |    11 |    10 |     3 ||    29
 Stab: Sleeping          |     5 |     9 |     9 |    15 |     7 ||    45
       Distracted        |       |       |       |     2 |     2 ||     4
Armor: Skin              |     3 |     7 |    20 |    29 |    12 ||    71
Dodge: Dodged            |    66 |    73 |   286 |   780 |   245 ||  1450
